 Dungeon Crawl Stone Soup version 0.31.0-1-g2c135a008e (webtiles) character file.

Game seed: 10723139813291955730

1448 qw the Shooter (level 9, 0/65 HPs)
             Began as a Djinni Hunter on Jan 23, 2024.
             Shot with an arrow by a centaur (2 damage)
             ... on level 5 of the Dungeon.
             The game lasted 00:00:30 (6757 turns).

qw the Shooter (Djinni Hunter)                      Turns: 6757, Time: 00:00:30

Health: 0/65       AC:  6    Str:  6 (10) XL:     9   Next: 4%
Gold:   227        EV: 13    Int:  9 (11) God:
                   SH:  0    Dex: 18 (21)

rFire   + + .        a - +0 shortbow (freeze)
rCold   . . .        (shield currently unavailable)
rNeg    . . .        b - +2 leather armour {rC+}
rPois   inf          k - +1 hat
rElec   .            (no cloak)
rCorr   .            (no gloves)
SInv    .            (boots unavailable)
Will    .....        (no amulet)
Stlth   ++           (no ring)
HPRegen 0.30/turn    (no ring)
MPRegen 0.00/turn

%: infuse magic (-1 HP)
@: flying
A: sickness immunity, fire resistance 2, cold vulnerability 1, float, innate
caster, HP casting, extra vitality 1, horns 1, deterioration 1
a: no special abilities


You were on level 5 of the Dungeon.
You visited 1 branch of the dungeon, and saw 5 of its levels.

You collected 227 gold pieces.


Innate Abilities, Weirdness & Mutations

You are immune to sickness and miasma.
You are immune to poison.
Your flesh is very heat resistant. (rF++)
You are vulnerable to cold. (rC-)
You float through the air rather than walking.
You learn spells naturally, not from books.
Your magical power is your life essence.
You have superior vitality. (+4 MHP)
You have a pair of small horns on your head.
Your body sometimes deteriorates upon taking damage.


   Skills:
 - Level 5.1 Fighting
 - Level 7.9 Ranged Weapons
 - Level 1.1 Armour
 + Level 4.4 Dodging
 - Level 0.7 Stealth


You knew the following spells:

 Your Spells              Type           Power      Damage    Failure   Level
a - Kiss of Death         Conj/Necr      0%         2d5       54%         1
b - Lesser Beckoning      Tloc           0%         N/A       67%         2
c - Inner Flame           Hex/Fire       0%         N/A       88%         3
d - Flame Wave            Conj/Fire      0%         2d4       99%         4
Your spell library was empty.

Inventory:

Hand Weapons
 a - a +0 shortbow of freezing (weapon)
Armour
 b - a +2 leather armour of cold resistance (worn)
 d - a +2 robe of fire resistance
 j - a +0 troll leather armour {Pargi}
 k - a +1 hat (worn)
Jewellery
 c - a ring of willpower
 g - a ring of wizardry
Wands
 e - a wand of mindburst (21)
Scrolls
 h - a scroll of enchant armour {unknown}
Potions
 f - a potion of curing

Dungeon Overview and Level Annotations

Branches:
Dungeon (5/15)
 Temple: D:4-7

Altars:

Annotations:
D:4 1 runed translucent door, Crazy Yiuf


Message History

You shoot an arrow. The arrow barely misses the hound.
The hound bites you but does no damage. The hound bites you.
You shoot an arrow. The arrow barely misses the hound.
The hound bites you but does no damage.
You shoot an arrow. The arrow closely misses the hound.
The hound closely misses you. The hound bites you but does no damage.
You shoot an arrow.
The arrow hits the hound but does no damage.
The hound is heavily wounded.
The hound misses you.
You shoot an arrow. The arrow hits the hound!
The arrow freezes the hound.
You kill the hound!
You feel your strength returning.
You start resting.
HP restored.
Found a stone staircase leading up.
Enter note:
Enter note:
Enter note:
Enter note:
There is a stone staircase leading up here.
A centaur comes into view.
The centaur shouts!
The centaur wields a +0 shortbow of freezing.
It is covered in frost.
The centaur shoots an arrow.
The arrow hits you!
Your body deteriorates!
You feel weakened. The arrow freezes you.
The centaur shoots an arrow.
The arrow hits you! The arrow freezes you.
You shoot an arrow.
The arrow hits the centaur but does no damage.
The centaur shoots an arrow.
The arrow hits you! The arrow freezes you.
You shoot an arrow. The arrow closely misses the centaur.
The centaur shoots an arrow.
The arrow barely misses you.
You shoot an arrow.
The arrow completely misses the centaur.
The centaur shoots an arrow.
The arrow hits you! The arrow freezes you.
You shoot an arrow. The arrow hits the centaur!
The arrow freezes the centaur.
The centaur is heavily wounded.
The centaur shoots an arrow.
The arrow hits you! The arrow freezes you.
You die...

..#..##....(###..................
.##..##..##..............#######.
.........##.###..........#
.....##...........##.##### ###.##
####.####..##.# #.# #.# #..##.#
###.#######.# #..##.##.
............# #......c.
....#######.# #@# <...# #.# #.#
###.# ### #.####.######. # #.#
#.###............. # #.#
#..........######. # #.#
#.########## ###.###.# ........#
###.###.#


You could see a centaur.

Vanquished Creatures
  A water moccasin (D:4)
  Pargi (D:3)
  2 ice beasts
  An ogre (D:4)
  2 centaurs
  A scorpion (D:5)
  4 wights (D:5)
  4 bombardier beetles
  A hound (D:5)
  2 orc priests (D:4)
  Jessica (D:3)
  3 iguanas
  2 orc wizards
  6 adders
  A white imp (D:4)
  2 dart slugs
  22 orcs
  9 ball pythons
  4 endoplasms
  4 giant cockroaches
  7 goblins
  4 hobgoblins
  10 jackals
  7 kobolds
  5 quokkas
  3 frilled lizards
  5 rats
114 creatures vanquished.

Notes
Turn   | Place    | Note
-------+----------+-------------------------------------------
     0 | D:1      | qw the Djinni Hunter began the quest for the Orb.
     0 | D:1      | Reached XP level 1. HP: 18/18 MP: 0/0
     0 | D:1      | 0 ||| qw: Version: 0.3-a-136-gdd3b4e8
     0 | D:1      | 0 ||| qw: Game counter: 1168
     0 | D:1      | 0 ||| qw: Melee chars always use a shield: true
     0 | D:1      | 0 ||| qw: God list: Okawaru
     0 | D:1      | 0 ||| qw: Allow faded altars: false
     0 | D:1      | 0 ||| qw: Do Orc after clearing Dungeon:15 true
     0 | D:1      | 0 ||| qw: Do second Lair branch before Depths: true
     0 | D:1      | 0 ||| qw: Lair rune preference: random
     0 | D:1      | 0 ||| qw: Goals: Normal
     0 | D:1      | 0 ||| PLANNING D:1-11
    57 | D:1      | Reached XP level 2. HP: 23/23 MP: 0/0
   375 | D:1      | Reached skill level 4 in Ranged Weapons
   375 | D:1      | Reached XP level 3. HP: 17/28 MP: 0/0
   375 | D:1      | Learned a level 1 spell: Kiss of Death
   810 | D:1      | 810 ||| UPGRADING to +0 ring mail.
   820 | D:1      | 820 ||| DROPPING +0 leather armour.
   821 | D:1      | 821 ||| READING scroll labelled KUNTOY NOGE.
   822 | D:1      | 822 ||| READING 2 scrolls labelled COSIOM XIPASE.
   823 | D:1      | 823 ||| READING scroll labelled DAEV WY NAI.
   824 | D:1      | 824 ||| READING 3 scrolls labelled FAOKUN YNIE.
   828 | D:1      | 828 ||| DROPPING scroll of butterflies.
   829 | D:1      | 829 ||| DROPPING scroll of fear.
  1012 | D:2      | Reached skill level 1 in Armour
  1412 | D:2      | 1412 ||| READING scroll labelled OTUESUDEPN.
  1412 | D:2      | 1412 ||| IDENTIFYING bubbling clear potion
  1413 | D:2      | 1413 ||| READING scroll labelled BACKAL XI CIO.
  1414 | D:2      | 1414 ||| DROPPING potion of ambrosia.
  1445 | D:3      | Reached XP level 4. HP: 34/34 MP: 0/0
  1613 | D:3      | Noticed Pargi
  1614 | D:3      | 1614 ||| ZAPPING wand of light (6) at -2,-1 (Pargi; floor).
  1615 | D:3      | 1615 ||| ZAPPING wand of light (5) at -1,-1 (Pargi; floor).
  1616 | D:3      | 1616 ||| ZAPPING wand of light (4) at -1,-1 (Pargi; floor).
  1616 | D:3      | Killed Pargi
  1617 | D:3      | Reached XP level 5. HP: 42/42 MP: 0/0
  1617 | D:3      | Learned a level 2 spell: Lesser Beckoning
  1667 | D:3      | Reached XP level 6. HP: 42/48 MP: 0/0
  2014 | D:3      | Noticed Jessica
  2017 | D:3      | 2017 ||| ZAPPING wand of light (3) at 1,0 (Jessica; floor).
  2017 | D:3      | Killed Jessica
  2100 | D:3      | 2100 ||| UPGRADING to +0 troll leather armour {Pargi}.
  2110 | D:3      | 2110 ||| DROPPING +0 ring mail.
  2111 | D:3      | 2111 ||| UPGRADING to +1 hat.
  2116 | D:3      | 2116 ||| READING scroll of identify.
  2116 | D:3      | 2116 ||| IDENTIFYING fuming green potion
  2117 | D:3      | 2117 ||| READING scroll labelled BOTUM FETUUPH.
  2118 | D:3      | 2118 ||| READING scroll labelled DIMIHESSOTI.
  2118 | D:3      | 2118 ||| BRANDING +0 shortbow.
  2119 | D:3      | 2119 ||| DRINKING 2 metallic inky potions.
  2119 | D:3      | Gained mutation: Your movements are slightly less
                  | encumbered by armour. (ER -2) [potion of mutation]
  2119 | D:3      | Gained mutation: Your movements are less encumbered by
                  | armour. (ER -4) [potion of mutation]
  2120 | D:3      | 2120 ||| DRINKING potion of mutation.
  2120 | D:3      | Lost mutation: Your movements are less encumbered by
                  | armour. (ER -4) [potion of mutation]
  2120 | D:3      | Lost mutation: Your movements are slightly less encumbered
                  | by armour. (ER -2) [potion of mutation]
  2120 | D:3      | Gained mutation: Your body sometimes deteriorates upon
                  | taking damage. [potion of mutation]
  2120 | D:3      | Gained mutation: You have a pair of small horns on your
                  | head. [potion of mutation]
  2121 | D:3      | 2121 ||| DROPPING potion of attraction.
  2177 | D:4      | Noticed a water moccasin
  2178 | D:4      | 2178 ||| ZAPPING wand of light (2) at 5,1 (water moccasin;
                  | floor).
  2179 | D:4      | 2179 ||| ZAPPING wand of light (1) at 4,1 (water moccasin;
                  | floor).
  2179 | D:4      | Killed a water moccasin
  2180 | D:4      | Reached skill level 3 in Dodging
  2188 | D:4      | Noticed an ice beast
  2189 | D:4      | 2189 ||| RETREEEEATING.
  2192 | D:4      | HP: 10/48 [centaur/arrow (8)]
  2193 | D:4      | 2193 ||| READING 2 scrolls of teleportation.
  2196 | D:4      | Reached skill level 5 in Ranged Weapons
  2196 | D:4      | Reached XP level 7. HP: 14/53 MP: 0/0
  2196 | D:4      | Learned a level 3 spell: Inner Flame
  2251 | D:4      | HP: 12/53 [orc/+0 dagger (4)]
  2252 | D:4      | 2252 ||| READING scroll of teleportation.
  2375 | D:4      | Reached skill level 6 in Ranged Weapons
  2623 | D:4      | Found a runed translucent door.
  2624 | D:4      | Noticed Crazy Yiuf
  2692 | D:4      | Reached XP level 8. HP: 58/58 MP: 0/0
  2915 | D:4      | 2915 ||| UPGRADING to +2 leather armour of cold resistance.
  2969 | D:5      | Entered Level 5 of the Dungeon
  2970 | D:5      | 2970 ||| STAIRDANCE
  3143 | D:5      | 3143 ||| STAIRDANCE
  3317 | D:5      | 3317 ||| STAIRDANCE
  3486 | D:5      | 3486 ||| STAIRDANCE
  3625 | D:5      | 3625 ||| STAIRDANCE
  3751 | D:5      | 3751 ||| STAIRDANCE
  3861 | D:5      | 3861 ||| STAIRDANCE
  4035 | D:5      | 4035 ||| STAIRDANCE
  4206 | D:5      | 4206 ||| STAIRDANCE
  4211 | D:4      | HP: 2/58 [ogre/+0 giant spiked club (35)]
  4212 | D:4      | 4212 ||| READING scroll of teleportation.
  4497 | D:5      | 4497 ||| STAIRDANCE
  4629 | D:5      | 4629 ||| STAIRDANCE
  4768 | D:5      | 4768 ||| STAIRDANCE
  4870 | D:5      | 4870 ||| STAIRDANCE
  4977 | D:5      | 4977 ||| STAIRDANCE
  5130 | D:5      | 5130 ||| STAIRDANCE
  5264 | D:5      | 5264 ||| STAIRDANCE
  5412 | D:5      | 5412 ||| STAIRDANCE
  5544 | D:5      | 5544 ||| STAIRDANCE
  5660 | D:5      | 5660 ||| STAIRDANCE
  5808 | D:5      | 5808 ||| STAIRDANCE
  5931 | D:5      | HP: 6/58 [iguana (12)]
  6065 | D:5      | 6065 ||| FLEEEEING.
  6069 | D:5      | 6069 ||| FLEEEEING.
  6070 | D:5      | 6070 ||| FLEEEEING.
  6071 | D:5      | 6071 ||| FLEEEEING.
  6072 | D:5      | 6072 ||| FLEEEEING.
  6073 | D:5      | 6073 ||| FLEEEEING.
  6074 | D:5      | 6074 ||| FLEEEEING.
  6075 | D:5      | 6075 ||| FLEEEEING.
  6085 | D:5      | 6085 ||| DRINKING sapphire potion.
  6086 | D:5      | 6086 ||| DRINKING green potion.
  6095 | D:5      | Reached skill level 7 in Ranged Weapons
  6559 | D:5      | Reached XP level 9. HP: 47/65 MP: 0/0
  6559 | D:5      | Learned a level 4 spell: Flame Wave
  6756 | D:5      | HP: 13/65 [centaur/arrow (9)]
  6757 | D:5      | HP: 2/65 [centaur/arrow (8)]
  6757 | D:5      | Shot with an arrow by a centaur

Levels and vault maps discovered:
D:1:      dpeg_arrival_ternary, layout_basic
D:2:      layout_basic
D:3:      layout_loops_ring, uniq_jessica, uniq_pargi
D:4:      layout_loops_ring, minmay_manual_mail, uniq_crazy_yiuf_cottage
D:5:      layout_basic, gammafunk_temple_overflow_wave,
          kennysheep_generic_room_14

Skill      XL: |  1  2  3  4  5  6  7  8 |
---------------+-------------------------+-----
Ranged Weapons | 4 5 6 7 |  7.9
Armour         | 1 |  1.1
Fighting       | 4 5 |  5.1
Dodging        | 3 4 |  4.4
Stealth        | |  0.7

Action                     |  1- 3 |  4- 6 |  7- 9 || total
---------------------------+-------+-------+-------++-------
   Fire: Shortbow          |    89 |    99 |   259 ||   447
  Evoke: Wand              |       |     6 |       ||     6
    Use: Scroll            |     6 |     4 |     2 ||    12
         Potion            |       |     2 |     2 ||     4
 Armour: Leather armour    |    15 |       |   132 ||   147
         Ring mail         |     4 |    18 |       ||    22
         Troll leather arm |       |    15 |    30 ||    45
  Dodge: Dodged            |    37 |    40 |   145 ||   222

Table legend:
 A = Non-vault XP
 B = Vault XP
 C = Vault XP percentage of total XP
 D = Non-vault monster count
 E = Vault monster count
 F = Vault count percentage of total count
                 A         B        C        D         E       F
            +---------+---------+-------+---------+---------+-------
      Total |    1878 |     191 |   9.2 |     106 |       8 |   7.0
            +---------+---------+-------+---------+---------+-------
        D:1 |      41 |       0 |   0.0 |      24 |       0 |   0.0
        D:2 |      25 |       0 |   0.0 |       7 |       0 |   0.0
        D:3 |     101 |     167 |  62.3 |      22 |       2 |   8.3
        D:4 |     808 |      24 |   2.9 |      34 |       6 |  15.0
        D:5 |     903 |       0 |   0.0 |      19 |       0 |   0.0
            +---------+---------+-------+---------+---------+-------
